Cogmind - Beta 13 @@@ ROGUE MODE // 2024.05.05 @ 11:12:29 Player: A Moose Result: Destroyed by G-47 Trooper with Particle Gun Performance ------------- Evolutions (2) 1000 Regions Visited (6) 1200 Robots Destroyed (33) 165 Value Destroyed (854) 854 Prototype IDs (24) 480 Alien Tech Used (0) 0 Bonus (568) 568 TOTAL SCORE: 4267 Bonus ------- Follower Combat Kills 68 Entered Garrisons 200 Aligned with FarCom 300 Cogmind --------- Core Integrity 0/550 Matter 277/300 Energy 45/100 System Corruption 0% Temperature Cool (45) Movement Core (400) Ox7 Location -8/Garrison Parts ------- > --- POWER (1) -------- (None) > --- PROPULSION (2) --- (None) > --- UTILITY (5) ------ Large Storage Unit Advanced Targeting Computer > --- WEAPON (3) ------- Advanced Beam Rifle Advanced Beam Rifle > --- INVENTORY (15) --- Ion Engine Light Ion Engine Light Nuclear Core Medium Battery (150) Compact Battery (200) High-capacity Matter Pod (200) High-capacity Matter Pod (200) Plasma Cutter Heavy Flail Longsword +1 Proton Bomb Trap Proton Bomb Trap Proton Bomb Trap Peak State ------------ > --- POWER ------------ Reinforced Ion Engine > --- PROPULSION ------- Wheel Wheel > --- UTILITY ---------- Improved Heat Sink Large Storage Unit Advanced Targeting Computer > --- WEAPON ----------- Advanced Beam Rifle Autogun Makeshift Spear > --- INVENTORY -------- Ion Engine Light Ion Engine Light Nuclear Core Medium Battery Compact Battery High-capacity Matter Pod High-capacity Matter Pod Advanced Beam Rifle Advanced Beam Rifle Plasma Cutter Heavy Flail Longsword +1 Proton Bomb Trap Proton Bomb Trap Proton Bomb Trap [Rating: 24] Favorites ----------- Power Ion Engine Engine Ion Engine Propulsion Compact Wheel Treads Light Treads Wheel Compact Wheel Utility Large Storage Unit Device Improved Heat Sink Storage Large Storage Unit Processor Advanced Targeting Computer Protection Core Shielding Weapon Medium Laser Energy Gun Medium Laser Ballistic Gun Assault Rifle Piercing Weapon Makeshift Spear Build | -11 -10 -10 -10 -9 -8 -8 ------- Run | Yrd Mat Min Exi Min Mat Gar Slots Evolved 4 | . . . . . 4 . Power . | . . . . . . . Propulsion . | . . . . . . . Utility 3 | . . . . . 3 . Weapon 1 | . . . . . 1 . Parts Attached 29 | 5 2 4 1 3 12 2 Power 2 | 1 . . . 1 . . Engine 2 | 1 . . . 1 . . Core . | . . . . . . . Reactor . | . . . . . . . Propulsion 8 | 2 . 2 . . 4 . Treads 2 | 2 . . . . . . Leg . | . . . . . . . Wheel 6 | . . 2 . . 4 . Hover . | . . . . . . . Flight . | . . . . . . . Utility 8 | . 1 . 1 2 4 . Device 1 | . . . . . 1 . Storage 2 | . 1 . 1 . . . Processor 1 | . . . . . 1 . Hackware . | . . . . . . . Protection 4 | . . . . 2 2 . Artifact . | . . . . . . . Weapon 11 | 2 1 2 . . 4 2 Energy Gun 7 | 1 1 1 . . 2 2 Energy Cannon . | . . . . . . . Ballistic Gun 3 | 1 . . . . 2 . Ballistic Cannon . | . . . . . . . Launcher . | . . . . . . . Special Weapon . | . . . . . . . Impact Weapon . | . . . . . . . Slashing Weapon . | . . . . . . . Piercing Weapon 1 | . . 1 . . . . Special Melee Weapon . | . . . . . . . Unidentified Prototypes 1 | . . . . . 1 . Parts Lost 15 | . . 1 . . 9 5 Power 1 | . . . . . . 1 Propulsion 6 | . . . . . 4 2 Utility 4 | . . . . . 3 1 Weapon 4 | . . 1 . . 2 1 Highest Loss Streak 6 | . . 1 . . 6 5 To Critical Strikes . | . . . . . . . Average Slot Usage (%) 85 | . 83 85 86 97 83 57 Engine 12 | . 14 14 14 14 9 3 Treads 10 | . 28 22 . . . . Wheel 14 | . . 5 28 28 17 9 Storage 12 | . 12 14 15 14 9 9 Processor 2 | . . . . . 6 9 Protection 6 | . . . . 11 15 . Energy Gun 13 | . 14 24 14 14 8 12 Ballistic Gun 6 | . 14 1 . . 7 6 Piercing Weapon 7 | . . 2 14 14 9 6 Naked Turns . | . . . . . . . Heaviest Build 42 | 8 29 29 31 37 42 38 Greatest Support 40 | 40 40 40 32 32 32 20 Greatest Overweight (x) 2 | . . . . 1 2 1 Average Overweight (x) . | . . . . . 1 1 Largest Inventory Capacity 15 | 5 15 15 15 15 15 15 Average Capacity 14 | 5 14 15 15 15 15 15 Most Carried 15 | 4 9 14 15 15 15 15 Average Carried 11 | 2 6 10 12 14 14 14 Final Capacity 15 | 5 15 15 15 15 15 15 Final Carried 15 | 4 9 12 15 15 15 13 Class Distribution -------------------- 92% | Mutant 7% | Scavenger-Mutant Dominant Class ---------------- Mutant | -10/Materials Mutant | -10/Mines Mutant | -10/Exiles Mutant | -9/Mines Mutant | -8/Materials Mutant | -8/Garrison Resources | -11 -10 -10 -10 -9 -8 -8 ----------- Run | Yrd Mat Min Exi Min Mat Gar Matter Collected 666 | 198 171 20 90 40 147 . Remotely . | . . . . . . . Salvage Created 1226 | . 295 81 . 105 695 50 Parts 63 | . 20 2 . 10 28 3 Haulers Intercepted 2 | . . . . . 2 . Recyclers Shooed . | . . . . . . . Parts Field Recycled . | . . . . . . . Retrieved Matter . | . . . . . . . Parts Self-Destructed . | . . . . . . . Prevented . | . . . . . . . Kills | -11 -10 -10 -10 -9 -8 -8 ------- Run | Yrd Mat Min Exi Min Mat Gar Combat Hostiles Destroyed 27 | . 10 2 . 2 12 1 Melee 7 | . . . . 2 4 1 Guns 20 | . 10 2 . . 8 . Classes Destroyed 8 | . 3 . . 2 2 1 Worker 2 | . . . . 1 1 . Hauler 2 | . . . . . 2 . Recycler 1 | . . . . . 1 . Watcher 1 | . 1 . . . . . Swarmer 10 | . 6 . . . 4 . Grunt 15 | . 4 2 . 1 8 . Brawler 1 | . . . . 1 . . Duelist 1 | . . . . . . 1 Best Kill Streak 4 | . 3 2 . 2 4 1 Combat Bots Only 4 | . 3 2 . 2 4 1 Max Kills in Single Turn 2 | . 1 1 . 1 2 1 Gunslinging . | . . . . . . . Exploded . | . . . . . . . Melee 1 | . . . . 1 1 1 Uniques/NPCs Destroyed . | . . . . . . . Combat | -11 -10 -10 -10 -9 -8 -8 -------- Run | Yrd Mat Min Exi Min Mat Gar Hostile Shots Fired 216 | . 50 23 . 6 74 63 Missed 58 | . 16 7 . 4 20 11 Damage Taken 2230 | . 304 206 . 35 819 866 Core 675 | . 64 40 . 9 153 409 Absorbed by Shields . | . . . . . . . Redirected to Shielding 80 | . . . . 2 78 . Core Remaining (%) 77 | 100 . . . 54 . . Volleys Fired 77 | . 33 10 . . 31 3 Largest 2 | . 2 2 . . 2 2 Hottest 122 | . 70 90 . . 84 122 Shots Fired 147 | . 66 20 . . 55 6 Gun 147 | . 66 20 . . 55 6 Cannon . | . . . . . . . Launcher . | . . . . . . . Special . | . . . . . . . Kinetic 65 | . 33 5 . . 25 2 Thermal 82 | . 33 15 . . 30 4 Explosive . | . . . . . . . Electromagnetic . | . . . . . . . Robot Hit Streak 12 | . 12 7 . . 10 5 Robot Miss Streak 3 | . 3 1 . . 3 1 Penetration Max . | . . . . . . . Secondary Targets 5 | . 1 . . . 4 . Max Gunslinging Chain 1 | . 1 . . . 1 . Shots Hit Robots 114 | . 40 14 . 3 49 8 Core Hits 51 | . 16 5 . 3 25 2 Critical Kills . | . . . . . . . Critical Parts Destroyed . | . . . . . . . Critical Strikes 9 | . 4 1 . . 2 2 Burn 7 | . 4 1 . . 1 1 Impale 2 | . . . . . 1 1 Melee Attacks 25 | . . . . 6 14 5 Impact . | . . . . . . . Slashing . | . . . . . . . Piercing 25 | . . . . 6 14 5 Sneak Attacks 3 | . . . . 1 2 . Combat Hostiles . | . . . . . . . Follow-up Attacks . | . . . . . . . Damage Inflicted 1983 | . 533 169 . 136 992 153 Guns 1365 | . 533 169 . . 573 90 Cannons . | . . . . . . . Explosions . | . . . . . . . Melee 618 | . . . . 136 419 63 Ramming . | . . . . . . . Kinetic 612 | . 268 39 . . 275 30 Thermal 753 | . 265 130 . . 298 60 Explosive . | . . . . . . . Electromagnetic . | . . . . . . . Impact . | . . . . . . . Slashing . | . . . . . . . Piercing 618 | . . . . 136 419 63 Highest Corruption . | . . . . . . . Average Corruption . | . . . . . . . Corruption Purged . | . . . . . . . Corruption Blocked . | . . . . . . . Overload Shots . | . . . . . . . Overflow Damage . | . . . . . . . Projectiles . | . . . . . . . Explosions . | . . . . . . . Melee . | . . . . . . . Knockbacks . | . . . . . . . Impact . | . . . . . . . Kinetic . | . . . . . . . Secondary . | . . . . . . . Self-Inflicted Damage . | . . . . . . . Shots . | . . . . . . . Rammed . | . . . . . . . Targets Rammed . | . . . . . . . Kicked . | . . . . . . . Crushed . | . . . . . . . Highest Temperature 314 | . 111 292 . . 314 40 Average Temperature 69 | . 29 132 . . 90 12 Received Heat Transfer 876 | . 78 117 . 6 396 279 Effects 1 | . . . . . 1 . Energy Bleed 1 | . . . . . 1 . Siege Activations . | . . . . . . . Robots Corrupted . | . . . . . . . Combat Hostiles . | . . . . . . . Parts Fried . | . . . . . . . Impact Corruptions . | . . . . . . . Robots Melted . | . . . . . . . Combat Hostiles . | . . . . . . . Parts Melted 5 | . 2 2 . . 1 . Heat Transferred 2468 | . 1073 433 . . 777 185 Parts Sabotaged . | . . . . . . . Parts Stolen . | . . . . . . . Parts Stripped . | . . . . . . . Power Chain Reactions . | . . . . . . . Alert | -11 -10 -10 -10 -9 -8 -8 ------- Run | Yrd Mat Min Exi Min Mat Gar Peak Influence 237 | . 237 85 . 55 170 125 Initial 100 | . . 45 . . 21 100 Average 81 | . 118 80 . 14 85 94 Maximum Alert Level 1 | . 1 . . . . . Low Security (%) 98 | 100 94 100 . 100 100 100 Level 1 1 | . 5 . . . . . Level 2 . | . . . . . . . Level 3 . | . . . . . . . Level 4 . | . . . . . . . Level 5 . | . . . . . . . High Security . | . . . . . . . Max Security . | . . . . . . . Squads Dispatched 5 | . 4 . . . 1 . Investigation 3 | . 2 . . . 1 . Extermination . | . . . . . . . Reinforcement 2 | . 2 . . . . . Assault . | . . . . . . . Garrison . | . . . . . . . Intercept . | . . . . . . . Searches Triggered . | . . . . . . . Construction Impeded . | . . . . . . . Haulers Reinforced . | . . . . . . . Active Scanning Responses . | . . . . . . . Cargo Convoy Interrupts . | . . . . . . . Stealth | -11 -10 -10 -10 -9 -8 -8 --------- Run | Yrd Mat Min Exi Min Mat Gar Distress Signals 4 | . . . . 1 3 . Communications Jammed . | . . . . . . . Distress Signals . | . . . . . . . Times Spotted 49 | . 14 2 . 8 18 7 Peak Tracking Total 10 | . 5 2 . 7 5 10 Tactical Retreats 2 | . 1 . . . . 1 Traps | -11 -10 -10 -10 -9 -8 -8 ------- Run | Yrd Mat Min Exi Min Mat Gar Traps Triggered 3 | . . . . . 2 1 Indirectly . | . . . . . . . Trap Hack Attempts . | . . . . . . . Triggered . | . . . . . . . Disarmed . | . . . . . . . Reprogrammed . | . . . . . . . Reused . | . . . . . . . Traps Extracted . | . . . . . . . Installed . | . . . . . . . Triggered . | . . . . . . . Most Traps Carried 3 | . . 3 3 3 3 3 Machines | -11 -10 -10 -10 -9 -8 -8 ---------- Run | Yrd Mat Min Exi Min Mat Gar Machines Disabled . | . . . . . . . Max in Single Turn . | . . . . . . . Machines Repaired . | . . . . . . . Machines Dismantled . | . . . . . . . Machines Sabotaged . | . . . . . . . Overloaded Fab Kills . | . . . . . . . Hacking | -11 -10 -10 -10 -9 -8 -8 --------- Run | Yrd Mat Min Exi Min Mat Gar Machines Accessed 9 | . 3 . 1 . 5 . Terminals 7 | . 3 . . . 4 . Fabricators . | . . . . . . . Repair Stations . | . . . . . . . Recycling Units . | . . . . . . . Scanalyzers . | . . . . . . . Garrison Access 1 | . . . . . 1 . Total Hacks 24 | . 13 . 1 . 10 . Successful 7 | . 2 . 1 . 4 . Failed 17 | . 11 . . . 6 . Catastrophic 2 | . . . . . 2 . Database Lockouts . | . . . . . . . Manual 17 | . 8 . 1 . 8 . Terminals 22 | . 13 . . . 9 . Fabricators . | . . . . . . . Repair Stations . | . . . . . . . Recycling Units . | . . . . . . . Scanalyzers . | . . . . . . . Garrison Access 1 | . . . . . 1 . Terminal Hacks 5 | . 2 . 1 . 2 . Robot Analysis 3 | . 2 . . . 1 . Zone Layout 1 | . . . . . 1 . Derelict Proto ID Bank 1 | . . . 1 . . . Fabricator Hacks . | . . . . . . . Repair Station Hacks . | . . . . . . . Recycling Unit Hacks . | . . . . . . . Scanalyzer . | . . . . . . . Garrison Access Hacks 1 | . . . . . 1 . Unlock Access 1 | . . . . . 1 . Unauthorized Hacks 1 | . . . . . 1 . Terminals 1 | . . . . . 1 . Botnet 1 | . . . . . 1 . Fabricators . | . . . . . . . Repair Stations . | . . . . . . . Recycling Units . | . . . . . . . Scanalyzers . | . . . . . . . Garrison Access . | . . . . . . . Data Cores Recovered . | . . . . . . . Used . | . . . . . . . Hacking Detections 6 | . 3 . . . 3 . Full Trace Events 2 | . 2 . . . . . Feedback Events . | . . . . . . . Feedback Blocked . | . . . . . . . Robot Schematics Acquired . | . . . . . . . Robots Built . | . . . . . . . Authchips . | . . . . . . . Time . | . . . . . . . Total Robot Build Rating . | . . . . . . . Part Schematics Acquired . | . . . . . . . Parts Built . | . . . . . . . Authchips . | . . . . . . . Time . | . . . . . . . Total Part Build Rating . | . . . . . . . Parts Repaired . | . . . . . . . Time . | . . . . . . . Parts Recycled . | . . . . . . . Recycled Matter . | . . . . . . . Retrieved Matter . | . . . . . . . Retrieved Components . | . . . . . . . Parts Scanalyzed . | . . . . . . . Part Schematics Acquired . | . . . . . . . Parts Damaged . | . . . . . . . Bothacking | -11 -10 -10 -10 -9 -8 -8 ------------ Run | Yrd Mat Min Exi Min Mat Gar Used RIF Installer . | . . . . . . . Robots Hacked . | . . . . . . . Non-combat . | . . . . . . . Combat . | . . . . . . . Robot Hacks Applied . | . . . . . . . Relay Couplers Released . | . . . . . . . Fabnet Peak Effective % . | . . . . . . . Robots Rewired . | . . . . . . . Allies Hacked . | . . . . . . . Hacks Repelled . | . . . . . . . Allies | -11 -10 -10 -10 -9 -8 -8 -------- Run | Yrd Mat Min Exi Min Mat Gar Total Allies 2 | . . . . 2 . . Largest Group 2 | . . . . 2 2 . Highest-Rated Group 43 | . . . . 43 43 . Highest-Rated Ally 31 | . . . . 31 31 . Total Orders . | . . . . . . . Ally Attacks 10 | . . . . . 10 . Total Damage 191 | . . . . . 191 . Kills 2 | . . . . . 2 . Allies Corrupted . | . . . . . . . Allies Melted . | . . . . . . . Intel | -11 -10 -10 -10 -9 -8 -8 ------- Run | Yrd Mat Min Exi Min Mat Gar Robot Analysis Total 3 | . 2 . . . 1 . Derelict Logs Recovered 2 | . . 1 . 1 . . Drone Launches . | . . . . . . . Drone Recoveries . | . . . . . . . Exploration | -11 -10 -10 -10 -9 -8 -8 ------------- Run | Yrd Mat Min Exi Min Mat Gar Turns Passed 2059 | 76 540 247 279 257 631 29 Spaces Moved 1313 | 42 271 147 274 215 355 9 Core 4 | 4 . . . . . . Treads 406 | 38 271 97 . . . . Legs . | . . . . . . . Wheels 903 | . . 50 274 215 355 9 Hover . | . . . . . . . Flight . | . . . . . . . Fastest Speed 50 | 50 160 100 100 100 95 95 Average Speed 121 | 149 160 139 100 103 108 95 Slowest Speed 160 | 160 160 160 100 115 130 95 Overloaded Moves . | . . . . . . . Propulsion Burnouts . | . . . . . . . Robots Hopped . | . . . . . . . Cave-ins Triggered . | . . . . . . . Exploration Rate (%) 34 | 4 58 41 63 35 37 3 Regions Visited 6 Branch Regions 3 Pre-discovered Areas 1 | . . . . 1 . . Known Exits Taken 1 | . . . . . 1 . Unknown Exits Taken 5 | 1 1 1 1 1 . . Scrap Searched 2 | . . . . 2 . . Spaces Dug . | . . . . . . . Terrain Destroyed . | . . . . . . . Melee . | . . . . . . . Projectile . | . . . . . . . AOE . | . . . . . . . Terrain Rammed . | . . . . . . . Walls Destroyed . | . . . . . . . Machines Disabled . | . . . . . . . Actions | -11 -10 -10 -10 -9 -8 -8 --------- Run | Yrd Mat Min Exi Min Mat Gar Total 1609 | 55 311 168 279 244 533 19 Wait 121 | . . . . 16 105 . Move 1307 | 41 270 146 273 214 354 9 Hop . | . . . . . . . Pick Up 40 | 9 6 6 3 3 13 . Fast Attach 3 | . . . 1 . 2 . Attach 19 | 5 1 1 . 1 9 2 Detach 1 | . . . 1 . . . Swap 7 | . 1 3 . 2 1 . Drop 9 | . . 2 1 2 4 . Fire 77 | . 33 10 . . 31 3 Melee 25 | . . . . 6 14 5 Ram . | . . . . . . . Kick . | . . . . . . . Crush . | . . . . . . . Escape Stasis . | . . . . . . . Rewire . | . . . . . . . Trap . | . . . . . . . Miscellaneous . | . . . . . . . Route ------- -11/Scrapyard -10/Materials (discovered 3 exits: [*Mat x2] / [*Min]) -10/Mines (discovered 2 exits: [*Mat] / *Exi) -10/Exiles (discovered 2 exits: [*Min x2]) -9/Mines -8/Materials (discovered 3 exits: [*Fac x2] / Gar) -8/Garrison History --------- Turn | Location | Event 9 | -11/Scrapyard | Discovered new exit (range 15) 77 | -11/Scrapyard | Entered Materials 276 | -10/Materials | Discovered new exit (range 8) 309 | -10/Materials | Build established: Mutant 528 | -10/Materials | Discovered new exit (range 10) 589 | -10/Materials | Discovered new exit (range 13) 617 | -10/Materials | Entered Mines 666 | -10/Mines | Met a Derelict bent on vengeance 712 | -10/Mines | Found a hidden stash of uninstalled traps 757 | -10/Mines | Learned 2 Materials zone layouts 802 | -10/Mines | A weapon hastily lodged in a ceiling crevice suddenly fell to the ground 823 | -10/Mines | Discovered new exit (range 12) 860 | -10/Mines | Deemed a non-threat by the Exiles lab entrance 860 | -10/Mines | Discovered new exit (range 5) 864 | -10/Mines | Entered Exiles 879 | -10/Exiles | Discovered new exit (range 15) 891 | -10/Exiles | Met 8R-AWN 905 | -10/Exiles | Met EX-HEX 934 | -10/Exiles | Met EX-BIN 977 | -10/Exiles | Aligned with FarCom system 978 | -10/Exiles | Given EX-Vault access code 1001 | -10/Exiles | Opened EX-Vault 1008 | -10/Exiles | Found Longsword +1 1030 | -10/Exiles | Warned to stay clear of 0b10 Research branches 1058 | -10/Exiles | Met EX-DEC 1134 | -10/Exiles | Discovered new exit (range 10) 1143 | -10/Exiles | Left Exiles lab with Longsword +1 1143 | -10/Exiles | Entered Mines 1173 | -9/Mines | Learned location of Zion (-7) 1231 | -9/Mines | Assembled infested the area 1385 | -9/Mines | Discovered new exit (range 13) 1400 | -9/Mines | Entered Materials 1400 | -8/Materials | Accompanied by 2 allies 1400 | -8/Materials | Evolved 4 slots: Utility x3, Weapon x1 1405 | -8/Materials | Led the pair of lost Derelicts to an unsafe place 1704 | -8/Materials | Discovered new exit (range 13) 1914 | -8/Materials | Lost 6 parts (3n2u1w) 2006 | -8/Materials | Discovered new exit (range 12) 2030 | -8/Materials | Identified exit to Garrison 2031 | -8/Materials | Entered Garrison 2051 | -8/Garrison | Core integrity fell below 50% 2057 | -8/Garrison | Core integrity fell below 20% 2060 | -8/Garrison | Destroyed by G-47 Trooper with Particle Gun Last Messages --------------- Access door unlocked. EXIT=UNLOCKED: GARRISON LOCATION=GARRISON GOAL=ESCAPE Receiving FarCom transmissions... Triggered Alarm Trap. An alarm sounds. Imp. Heat Sink destroyed. Critical hit (Burn: +37). Rnf. Ion Engine destroyed. Critical hit (Burn: +37). Destroyed Melee Analysis Suite. Wheel destroyed. Adv. Beam Rifle severed. L-31 Rogue suffers critical hit (Impale). L-31 Rogue destroyed. Autogun destroyed. Mak. Spear severed. L-31 Rogue suffers critical hit (Burn). Critical hit (Burn: +37). Map ----- +----------------------------------------------------+ | ??????????????????????????????????? | | ??????????????????????????????????? | | ??????????????????????????????????? | | ??????????????????????????????????? | | ??????????????????????????????????? | | ??????????????????????????????????? | | ??????????????????????????????????? | | ??????????????????????????????????? | | ??????????????????????????????????? | | ??????????????????????????????????? | | ??????????????????????????????????? | | ??????????????????????????????????? | | ??????????????????????????????????? | | ??????????????????????????????????? | | ??????????????????????????????????? | | ??????????????????????????????????? | | ??????????????????????????????????? | | ??????????????????????????????????? | | ??????????????????????????????????? | | ??????????????????????????????????? | | ?????????ss???????????????????????? | | ??????????????????????????????????? | | ??????????????????#?#######???????? | | ??????????????????# # # #???????? | | ????????####++#####+#+# /#???????? | | ??????? s ^ @#???????? | | ??????? s gg%l#???????? | | ??????? Y = #???????? | | ?????????### #####+#+#####???????? | | ????????????????????# ????????????? | | ????????????????????#?????????????? | | ??????????????????????????????????? | | ??????????????????????????????????? | | ??????????????????????????????????? | | ??????????????????????????????????? | | ??????????????????????????????????? | | ??????????????????????????????????? | | ??????????????????????????????????? | | ??????????????????????????????????? | | ??????????????????????????????????? | | ??????????????????????????????????? | | ????????????????????ggg???????????? | | ??????????????????????????????????? | | ??????????????????????????????????? | | ??????????????????????????????????? | | ??????????????????????????????????? | | ??????????????????????????????????? | | ??????????????????????????????????? | | ??????????????????????????????????? | | ??????????????????????????????????? | +----------------------------------------------------+ Best States ------------- Heat Dissipation 45 Energy Generation 12 Energy Capacity 400 Matter Stores 300 Matter Capacity 300 Sight Range 16 Terrain Scan Density 10 Armor Coverage 150 Core Shielding 20 Propulsion Shielding 33 Evasion (%) 41 Targeting Accuracy 8 Recoil Reduction 2 Item Schematics ----------------- None Robot Schematics ------------------ None Fabricated ------------ Nothing Alien Tech Used ----------------- None Achievements -------------- None Challenges ------------ None Game ------ Seed HugeNovaAccelerator Manual? 0 Play Time 00:19:07 Cumulative 78.9 hours Start 2024.05.05 @ 10:54:04 End 2024.05.05 @ 11:12:29 Sessions 1 Manual Loads 0 Difficulty Rogue Special Mode None Game No. 88 Rogue 79 Adventurer 9 Explorer 0 Win Type - Total 0 Types 0/0/0/0/0/0/0/0/0 Lore% 45 Gallery% 57 Achievement% 43 Wizard Run 0 Options --------- Layout 1 ASCII 0 Keyboard 0 Movement Numpad Keybinds 0 Fullscreen 1 Font 24/Smallcaps Map View 50x35 Zoom Use 0% Tactical HUD 0 Map Filters NONE Filters NONE Steam 1 RUN: 5b2f3846-8776-4ab1-bd3b-46b8d36ea87a